 Dungeon Crawl Stone Soup version 0.28.0-53-g5a82cb258f (webtiles) character file.

Game seed: 7844510343445441875

132 clackabat the Cudgeller (level 4, -1/40 HPs)
             Began as a Minotaur Berserker on July 7, 2022.
             Was a Believer of Trog.
             Shot with a stone by a goblin (5 damage)
             ... on level 3 of the Dungeon.
             The game lasted 00:12:10 (2327 turns).

clackabat the Cudgeller (Minotaur Berserker)        Turns: 2327, Time: 00:12:11

Health: -1/40      AC:  3    Str: 22    XL:     4   Next: 92%
Magic:  3/3        EV: 12    Int:  4    God:    Trog [**....]
Gold:   93         SH:  0    Dex: 11    Spells: 3/3 levels left

rFire   . . .      SeeInvis +   a - +0 hand axe
rCold   . . .      Faith    .   (no shield)
rNeg    . . .      Spirit   .   f - +0 leather armour
rPois   .          Reflect  .   (helmet restricted)
rElec   .          Harm     .   (no cloak)
rCorr   .          Rampage  .   (no gloves)
Will    .....                   (no boots)
Stlth   +.........              (no amulet)
HPRegen 0.13/turn               i - ring of see invisible
MPRegen 0.08/turn               (no ring)

@: no status effects
A: horns 2, retaliatory headbutt
a: Renounce Religion, Berserk, Trog's Hand


You were on level 3 of the Dungeon.
You worshipped Trog.
Trog was pleased with you.
You visited 1 branch of the dungeon, and saw 3 of its levels.

You collected 93 gold pieces.

Inventory:

Hand Weapons
 a - a +0 hand axe (weapon)
 e - a +0 hunting sling
Missiles
 g - 50 stones (quivered)
Armour
 b - a +0 animal skin
 f - a +0 leather armour (worn)
Jewellery
 i - a ring of see invisible (left hand)
Wands
 k - a wand of polymorph (11)
 n - a wand of flame (27)
Scrolls
 m - a scroll of identify {unknown}
Potions
 c - a potion of mutation {unknown}
 d - a potion of flight {unknown}
 h - 2 potions of magic {unknown}
 j - a potion of haste {unknown}
 l - a potion of berserk rage {unknown}


   Skills:
 - Level 3.7 Fighting
 + Level 0.7(0.8) Short Blades
 + Level 0.2(0.5) Long Blades
 - Level 3.9(4.8) Axes
 * Level 4.3(5.0) Maces & Flails
 + Level 0.1(2.6) Staves
 + Level 0.9(1.0) Slings
 + Level 0.2 Bows
 + Level 0.9 Crossbows
 + Level 0.2(0.5) Throwing
 - Level 2.4 Armour
 - Level 2.2 Dodging
 + Level 0.4 Shields
 + Level 0.2 Evocations


You had 3 spell levels left.
You didn't know any spells.
Your spell library was empty.

Dungeon Overview and Level Annotations

Branches:
Dungeon (3/15)

Altars:
Kikubaaqudgha


Innate Abilities, Weirdness & Mutations

You have a pair of horns on your head.
You reflexively headbutt those who attack you in melee.


Message History

You climb downwards.
The endoplasm quivers.
The orc warrior shouts!
The orc priest shouts!
The orc shouts!
You hear an angry hiss.
There is a stone staircase leading up here.
You climb upwards.
There is a stone staircase leading down here.
There is a stone staircase leading down here.
You climb downwards.
There is a stone staircase leading up here.
An orc comes into view. It is wielding a +0 mace of holy wrath.
A rat comes into view.
The rat twitches its whiskers.
Found a stone staircase leading down.
You hit the rat.
You kill the rat!
Trog accepts your kill.
A goblin comes into view. It is wielding a +0 dagger.
Found a trident.
The goblin shouts!
You see here a rat corpse.
The orc shouts!
The goblin unwields a +0 dagger.
The goblin wields a +0 hunting sling.
The goblin shoots a stone.
The stone hits you but does no damage.
You see here a rat corpse.
The goblin shoots a stone.
The stone hits you.
The goblin shoots a stone.
The stone hits you but does no damage.
The goblin shoots a stone.
The stone hits you.
The goblin shoots a stone.
The stone misses you.
The orc priest invokes the aid of Beogh against you.
Beogh smites you!
You hear a shout!
The goblin shoots a stone.
The stone barely misses you.
The orc priest calls down the wrath of Beogh upon you.
Beogh smites you!
* * * LOW HITPOINT WARNING * * *
You hear an angry hiss.
The goblin shoots a stone.
The stone closely misses you.
The goblin shoots a stone.
The stone hits you.
You die...

#. #. ####.##
#......
#)......#####
###.....S.o..<####
.........####.@..#
.........og...####
.........####....#
.............#####
.........#...
##.............
#<.#...#>..#...
...............
.....#.....#.#.


You could see an orc priest, an orc, a goblin and a ball python.

Vanquished Creatures
  A scorpion (D:2)
  4 adders (D:2)
  A worm (D:2)
  5 endoplasms
  A giant cockroach (D:1)
  A goblin (D:1)
  2 hobgoblins
  3 kobolds
  2 quokkas (D:1)
  6 ball pythons
  3 bats
  5 frilled lizards
  4 rats
38 creatures vanquished.

Vanquished Creatures (others)
  A fungus (D:1)
  A plant (D:1)
2 creatures vanquished.

Grand Total: 40 creatures vanquished

Notes
Turn   | Place    | Note
-------+----------+-------------------------------------------
     0 | D:1      | clackabat the Minotaur Berserker began the quest for the
                  | Orb.
     0 | D:1      | Reached XP level 1. HP: 19/19 MP: 0/0
   155 | D:1      | Reached skill level 1 in Maces & Flails
   155 | D:1      | Reached XP level 2. HP: 20/27 MP: 1/1
   525 | D:1      | Found a faded altar of an unknown god.
  1161 | D:2      | Found an ancient bone altar of Kikubaaqudgha.
  1322 | D:2      | Reached skill level 2 in Maces & Flails
  1326 | D:2      | Reached XP level 3. HP: 33/33 MP: 2/2
  1345 | D:2      | Noticed a scorpion
  1350 | D:2      | Killed a scorpion
  1351 | D:2      | Reached skill level 3 in Maces & Flails
  1351 | D:2      | Reached XP level 4. HP: 40/40 MP: 3/3
  1509 | D:2      | Reached ** piety under Trog
  1532 | D:2      | Reached skill level 4 in Maces & Flails
  2290 | D:3      | Noticed an orc warrior
  2327 | D:3      | Shot with a stone by a goblin

Illustrated notes

Levels and vault maps discovered:
D:1:      psy_arrival_basics, layout_loops_corners,
          shapermc_ecumenical_altar_mp_urbaneastern
D:2:      kennysheep_six_static_rooms, layout_loops_corners, basic_altar
D:3:      layout_rooms, hangedman_decor_diamond_cutter, uniq_jessica

Skill      XL: |  1  2  3  4 |
---------------+-------------+-----
Maces & Flails | 1 2 3 4 |  4.3
Fighting       | |  3.7
Short Blades   | |  0.7
Long Blades    | |  0.2
Axes           | |  3.9
Staves         | |  0.1
Slings         | |  0.9
Bows           | |  0.2
Crossbows      | |  0.9
Throwing       | |  0.2
Armour         | |  2.4
Dodging        | |  2.2
Shields        | |  0.4
Evocations     | |  0.2

Action                   |  1- 3 |  4- 6 || total
-------------------------+-------+-------++-------
Melee: Hand axe          |    58 |    22 ||    80
       Headbutt          |     8 |     2 ||    10
 Stab: Sleeping          |     1 |       ||     1
Armor: Animal skin       |     1 |       ||     1
       Leather armour    |     6 |     9 ||    15
Dodge: Dodged            |    31 |    14 ||    45
